 Dungeon Crawl Stone Soup version 0.31-a0-851-g7ff8af7976 (webtiles) character file.

Game seed: 5908535719337152613

523 Dirtsage the Chopper (level 7, 52/52 HPs)
             Began as a Demonspawn Berserker on Oct 5, 2023.
             Was a Believer of Trog.
             Quit the game on level 4 of the Dungeon.
             The game lasted 00:04:00 (3240 turns).

Dirtsage the Chopper (Demonspawn Berserker)         Turns: 3240, Time: 00:04:00

Health: 52/52      AC:  9    Str: 19    XL:     7   Next: 2%
Magic:  7/7        EV: 10    Int: 13    God:    Trog [**....]
Gold:   165        SH:  9    Dex: 18    Spells: 6/6 levels left

rFire   . . .        a - +0 hand axe
rCold   . . .        j - +0 kite shield
rNeg    . . .        i - +0 ring mail
rPois   .            g - +0 helmet
rElec   .            r - +2 cloak
rCorr   .            (no gloves)
SInv    .            (no boots)
Will    +....        (no amulet)
Stlth   +            m - ring of willpower
HPRegen 0.28/turn    u - +6 ring of dexterity
MPRegen 0.10/turn

%: no passive effects
@: on berserk cooldown
A: hooves 1, ignite blood 1, big brain 2
a: Renounce Religion, Berserk, Trog's Hand


You were on level 4 of the Dungeon.
You worshipped Trog.
Trog was pleased with you.
You visited 1 branch of the dungeon, and saw 4 of its levels.

You collected 165 gold pieces.

Inventory:

Hand Weapons
 a - a +0 hand axe (weapon)
Armour
 b - a +0 animal skin
 g - a +0 helmet (worn)
 i - a +0 ring mail (worn)
 j - a +0 kite shield (worn)
 r - a +2 cloak (worn)
 v - a scarf of invisibility
Jewellery
 m - a ring of willpower (left hand)
 u - a +6 ring of dexterity (right hand)
Wands
 n - a wand of flame (55)
 p - a wand of polymorph (10)
Scrolls
 c - 2 scrolls of identify {unknown}
 k - a scroll of revelation {unknown}
 l - a scroll of enchant weapon {unknown}
 o - 2 scrolls of teleportation {unknown}
 s - a scroll of enchant armour {unknown}
Potions
 d - 2 potions of brilliance {unknown}
 e - a potion of attraction {unknown}
 f - 2 potions of magic {unknown}
 h - a potion of curing {unknown}
 q - a potion of cancellation {unknown}
 t - a potion of mutation {unknown}


   Skills:
 - Level 3.0 Fighting
 * Level 7.0 Axes
 - Level 1.7 Armour
 - Level 1.7 Dodging
 + Level 1.7 Shields


You had 6 spell levels left.
You didn't know any spells.
Your spell library contained the following spells:

 Spells                   Type           Power      Damage    Failure   Level
 Slow                     Hex            0%         N/A       82%         1
 Blink                    Tloc           0%         N/A       91%         2
 Ensorcelled Hibernation  Hex/Ice        0%         N/A       91%         2
 Jinxbite                 Hex            0%         N/A       91%         2
 Lesser Beckoning         Tloc           0%         N/A       91%         2
 Momentum Strike          Conj/Tloc      0%         3d8       91%         2
 Call Canine Familiar     Summ           0%         N/A       99%         3
 Confusing Touch          Hex            0%         N/A       99%         3
 Sigil of Binding         Hex            0%         N/A       99%         3
 Vampiric Draining        Necr           0%         2d6       99%         3
 Anguish                  Hex/Necr       0%         N/A       100%        4
 Dimensional Bullseye     Hex/Tloc       0%         N/A       100%        4
 Leda's Liquefaction      Hex/Erth       0%         N/A       100%        4
 Summon Forest            Summ/Tloc      0%         N/A       100%        5
 Summon Mana Viper        Hex/Summ       0%         N/A       100%        5
 Summon Cactus Giant      Summ           0%         N/A       100%        6


Dungeon Overview and Level Annotations

Branches:
Dungeon (4/15)
 Temple: D:4-7

Altars:
Uskayaw
Vehumet
Wu Jian
Xom


Innate Abilities, Weirdness & Mutations

You have large cloven feet.
Your demonic aura sometimes causes spilled blood to erupt in flames.
You have an extremely huge brain. (Int +4)


Message History

The hound skeleton is moderately damaged.
You hit the orc. The hound skeleton barely misses you.
The orc barely misses you.
You closely miss the orc.
The orc is severely wounded.
You slash the hound skeleton!
The hound skeleton bites you but does no damage.
The orc closely misses you.
You slash the hound skeleton!
You destroy the hound skeleton!
Trog accepts your kill.
You barely miss the orc.
You have reached level 7!
Your demonic ancestry asserts itself...
Your feet thicken and deform.
Health restored: 78; MP restored: 7 You barely miss the orc.
Your kick misses the orc.
The orc is severely wounded.
The orc hits you but does no damage.
You slash the orc!
You feel the power of Trog in you as your rage grows.
You kill the orc!
Trog accepts your kill.
No target in view!
No target in view!
No target in view!
No target in view!
You start waiting.
You feel a strong urge to attack something.
You start waiting.
You feel your anger nearly subside.
You are no longer berserk.
You are exhausted.
You feel yourself slow down.
You now have 52/52 hp.
You start waiting.
You feel yourself speed up.
Things that are here:
a +0 dagger; a +0 robe
v - a scarf of invisibility Are you sure you want to abandon this character and quit the game? (Confirm with "yes".)

########
##......##
#........#
#.#......#
#........#
#....@...#
#........#
+...>)).##
#....).##
#......#
#.##'###
#.##.#
#.##.#
#.##.#


There were no monsters in sight!

Vanquished Creatures
  Sigmund (D:2)
  A phantom (D:4)
  A sleepcap (D:4)
  A bullfrog skeleton (D:4)
  A scorpion zombie (D:4)
  Natasha (thrice) (D:2)
  An orc wizard (D:4)
  A howler monkey zombie (D:4)
  A hound skeleton (D:4)
  2 adders (D:2)
  An adder skeleton (D:4)
  A worm (D:2)
  3 dart slugs
  4 orcs (D:4)
  2 endoplasms
  A giant cockroach (D:3)
  9 hobgoblins
  4 jackals (D:1)
  3 quokkas
  3 ball pythons
  3 bats (D:1)
  6 frilled lizards
  7 goblins
  10 kobolds
  4 rats
74 creatures vanquished.

Notes
Turn   | Place    | Note
-------+----------+-------------------------------------------
     0 | D:1      | Dirtsage the Demonspawn Berserker began the quest for the
                  | Orb.
     0 | D:1      | Reached XP level 1. HP: 18/18 MP: 1/1
   171 | D:1      | Reached skill level 3 in Axes
   315 | D:1      | Gained mutation: You have an unusually large brain. (Int
                  | +2) [demonic ancestry]
   315 | D:1      | Reached XP level 2. HP: 15/24 MP: 2/2
   717 | D:1      | Reached ** piety under Trog
   718 | D:1      | Reached XP level 3. HP: 26/29 MP: 3/3
   927 | D:2      | Reached skill level 4 in Axes
   985 | D:2      | Found a faded altar of an unknown god.
  1231 | D:2      | Noticed Natasha
  1239 | D:2      | Killed Natasha
  1240 | D:2      | Gained mutation: You have an extremely huge brain. (Int +4)
                  | [demonic ancestry]
  1240 | D:2      | Reached XP level 4. HP: 35/35 MP: 4/4
  1426 | D:2      | Noticed Natasha
  1442 | D:2      | Killed Natasha
  1564 | D:2      | Noticed Sigmund
  1576 | D:2      | Killed Sigmund
  1577 | D:2      | Reached skill level 6 in Axes
  1577 | D:2      | Reached XP level 5. HP: 41/41 MP: 5/5
  1663 | D:2      | Gained mutation: Your demonic aura sometimes causes spilled
                  | blood to erupt in flames. [demonic ancestry]
  1663 | D:2      | Reached XP level 6. HP: 47/47 MP: 6/6
  1779 | D:2      | Noticed Natasha
  1791 | D:2      | Killed Natasha
  1898 | D:3      | Found a shimmering altar of Xom.
  1922 | D:3      | Noticed a +0 hand axe
  1922 | D:3      | Noticed a +0 hand axe
  1924 | D:3      | Found a hide-covered altar of Uskayaw.
  2126 | D:3      | Found a radiant altar of Vehumet.
  2172 | D:3      | Identified the +0 rapier "Yfeoke Kume" {heavy, Will+ Str+3}
  2421 | D:3      | Found an ornate altar of the Wu Jian Council.
  2760 | D:4      | Reached skill level 1 in Shields
  3191 | D:4      | Reached skill level 7 in Axes
  3194 | D:4      | Gained mutation: You have large cloven feet. [demonic
                  | ancestry]
  3194 | D:4      | Reached XP level 7. HP: 52/52 MP: 7/7
  3240 | D:4      | Quit the game

Illustrated notes

Levels and vault maps discovered:
D:1:      dpeg_arrival_three_same_balls, layout_basic
D:2:      layout_loops_ring, chequers_ecumenical_altar_simple,
          minmay_tetromino_s4, uniq_sigmund, uniq_natasha
D:3:      layout_basic, mainiacjoe_overflow_24_doors, dancing_weapons_uskayaw,
          fiery_altar_vehumet, mainiacjoe_overflow_tiny_flanked,
          minmay_misc_feat_tower
D:4:      layout_basic, nicolae_dithmenos_through_a_glass_darkly,
          minmay_temple_entry_overgrown, serial_undead, serial_undead_c,
          serial_undead_a, serial_undead_c, serial_undead_c, serial_undead_d,
          kennysheep_pointless_box

Skill      XL: |  1  2  3  4  5  6 |
---------------+-------------------+-----
Axes           | 3 4 6 7 |  7.0
Shields        | 1 |  1.7
Fighting       | |  3.0
Armour         | |  1.7
Dodging        | |  1.7

Action                     |  1- 3 |  4- 6 |  7- 9 || total
---------------------------+-------+-------+-------++-------
  Melee: Hand axe          |    94 |   146 |     2 ||   242
 Invoke: Berserk           |     2 |     5 |       ||     7
 Armour: Animal skin       |    41 |       |       ||    41
         Ring mail         |    29 |    96 |     1 ||   126
  Dodge: Dodged            |    70 |    55 |       ||   125
  Block: Kite shield       |       |    20 |       ||    20

Table legend: (Time is in decaauts)
 A = Elapsed time spent in this place.
 B = Non-inter-level travel time spent in this place.
 C = Inter-level travel time spent in this place.
 D = Time resting spent in this place.
 E = Time spent auto-exploring this place.
 F = Levels seen in this place.
 G = Mean time per level.
                   A        B        C        D        E       F      G
               +--------+--------+--------+--------+--------+-----+--------+
         Total |   3315 |   3227 |     88 |    304 |   2418 |   4 |  828.8 |
       Dungeon |   3315 |   3227 |     88 |    304 |   2418 |   4 |  828.8 |
               +--------+--------+--------+--------+--------+-----+--------+

Top non-repeatable levels by time:
     D:2: 1004 daAuts
     D:1: 939 daAuts
     D:3: 810 daAuts
     D:4: 561 daAuts
